 Dungeon Crawl Stone Soup version 0.17-a0-2074-gaf3f87d (webtiles) character file.

2810 Ordine the Fighter (level 9, 0/70 HPs)
             Began as an Octopode Fighter on Oct 15, 2015.
             Slain by a wyvern zombie (3 damage)
             ... on level 7 of the Dungeon.
             The game lasted 00:27:28 (9192 turns).

Ordine the Fighter (Octopode Fighter)               Turns: 9192, Time: 00:27:28

Health: 0/70       AC:  1    Str: 15    XL:     9   Next: 72%
Magic:  8/8        EV: 11    Int: 11    God:
Gold:   439        SH: 10    Dex: 14    Spells: 0 memorised, 8 levels left

rFire  . . .     SeeInvis .     a - +1 long sword
rCold  . . .     Clarity  .     b - +1 shield
rNeg   . . .     SustAt   .     (helmet restricted)
rPois  .         Gourm    .     (no amulet)
rElec  .         Spirit   .     s - ring of invisibility
rCorr  .         Warding  .     (no ring)
rMut   .         Stasis   .     (no ring)
MR     .....                    (no ring)
Stlth  ++........               (no ring)
                                (no ring)
                                (no ring)
                                (no ring)

@: not resistant to hostile enchantments, unstealthy
A: almost no armour, amphibious, 8 rings, constrict 8, camouflage 1, blurry
vision 1, low mp 1, spit poison 1, gelatinous body 1, subdued magic 1
a: Spit Poison, Evoke Invisibility


You were on level 7 of the Dungeon.
You were not hungry.

You visited 2 branches of the dungeon, and saw 8 of its levels.

You collected 439 gold pieces.

Inventory:

Hand Weapons
 a - a +1 long sword (weapon)
 p - a +4 dagger
Missiles
 e - 279 stones (quivered)
 f - 45 poisoned needles
 A - 2 tomahawks
Armour
 b - a +1 shield (worn)
Jewellery
 s - a ring of invisibility (left tentacle)
Wands
 h - a wand of lightning (7)
Scrolls
 c - 2 scrolls of enchant weapon
 k - a scroll of recharging
 l - a scroll of blinking
 n - 4 scrolls of remove curse
 u - 2 scrolls of teleportation
 y - 2 scrolls of magic mapping
Potions
 i - a potion of resistance
 o - a potion of flight
 w - 2 potions of berserk rage {unknown}
 z - 2 potions of cancellation {unknown}
Books
 x - a book of Dreams

   Spells                             Type                      Level
   a - Ensorcelled Hibernation        Hexes/Ice                    2
   b - Phase Shift                    Translocation                5
   c - Shadow Creatures               Summoning                    5
   d - Silence                        Hexes/Air                    5
   e - Darkness                       Hexes                        6
   f - Mass Confusion                 Hexes                        6
Comestibles
 d - 9 bread rations
 g - 4 meat rations
 j - a chunk of flesh
 m - a royal jelly
 v - a beef jerky


   Skills:
 + Level 9.7 Fighting
 + Level 9.4 Long Blades
 - Level 3.0 Dodging
 - Level 3.0 Shields


You had 8 spell levels left.
You didn't know any spells.

Dungeon Overview and Level Annotations

Branches:
Dungeon (7/15)             Temple (1/1) D:4

Altars:
Ashenzari
Cheibriados
Elyvilon
Fedhas
Gozag
Kikubaaqudgha
Makhleb
Okawaru
Qazlal
Ru
Sif Muna
Trog
Vehumet
Xom
Yredelemnul
Zin


Innate Abilities, Weirdness & Mutations

You cannot wear most types of armour.
You are amphibious.
You can wear up to eight rings at the same time.
You can use your tentacles to constrict eight enemies at once.
Your skin changes colour to match your surroundings (Stealth).
Your rubbery body absorbs attacks (AC +1).
Scrolls take you a little longer to read.
Your magical capacity is low (-10% MP).
You can spit weak poison.
Your spells are a little easier to cast, but a little less powerful.


Message History

The wyvern zombie closely misses you.
You slash the wyvern zombie! You squeeze the wyvern zombie.
The wyvern zombie bites you!
You slash the wyvern zombie! You block the wyvern zombie's attack.
The wyvern zombie bites you!
* * * LOW HITPOINT WARNING * * *
You are too injured to fight recklessly!
Use which ability?
You fail to use your ability.
The wyvern zombie bites you!
* * * LOW HITPOINT WARNING * * *
The wyvern zombie misses you.
Read which item? (? for menu, Esc to quit)
Okay, then.
Drink which item? (? for menu, Esc to quit)
You feel better. You block the wyvern zombie's attack.
Use which ability?
You fail to use your ability.
The wyvern zombie bites you!
* * * LOW HITPOINT WARNING * * *
The wyvern zombie bites you.
You die...

.## #. # ####.#.....
# #. #...........#
... #.##........ #.
.. #.# ##...._##
#.###.# #.......#
#.....# #...>...#
.####..####.......#
..........###†.....#
..#######..@##...#
###.Z..###
####....... ########


You could see a wyvern zombie.

Vanquished Creatures
  A manticore (D:7)
  The ghost of Ordine the Skirmisher, an amateur OpFi (D:4)
  An ice beast (D:5)
  3 orc warriors
  A necrophage (D:5)
  2 centaurs
  An ogre (D:4)
  2 phantoms
  3 giant frogs
  A scorpion (D:5)
  4 jellies
  2 vampire bats (D:6)
  A giant frog zombie (D:5)
  3 hounds
  A giant frog skeleton (D:5)
  A centaur zombie (D:7)
  9 orc wizards
  2 centaur skeletons (D:5)
  2 iguanas
  3 worker ants
  3 orc priests
  2 killer bee zombies
  A hound zombie (D:5)
  6 adders
  6 gnolls
  2 oozes
  2 worms (D:3)
  6 giant geckos
  21 orcs
  5 bats
  4 bat skeletons (D:6)
  3 bat zombies (D:6)
  3 goblins
  11 hobgoblins
  4 jackals (D:4)
  3 quokkas
  A ball python (D:2)
  6 giant cockroaches
  A giant gecko skeleton (D:4)
  3 giant newts
  A jackal skeleton (D:5)
  8 kobolds
  A quokka skeleton (D:5)
  5 rats
152 creatures vanquished.

Vanquished Creatures (others)
  A black bear (D:7)
  A scorpion (D:7)
  A giant cockroach (D:7)
3 creatures vanquished.

Grand Total: 155 creatures vanquished

Notes
Turn   | Place    | Note
--------------------------------------------------------------
     0 | D:1      | Ordine the Octopode Fighter began the quest for the Orb.
     0 | D:1      | Reached XP level 1. HP: 16/16 MP: 1/1
   382 | D:2      | Reached XP level 2. HP: 14/21 MP: 2/2
   664 | D:2      | Reached XP level 3. HP: 19/26 MP: 3/3
  1095 | D:2      | Found a deep blue altar of Sif Muna.
  1385 | D:2      | Reached XP level 4. HP: 30/33 MP: 4/4
  1464 | D:2      | Reached skill level 4 in Fighting
  2226 | D:3      | Reached XP level 5. HP: 36/38 MP: 5/5
  3082 | D:4      | Found a staircase to the Ecumenical Temple.
  3086 | Temple   | Entered the Ecumenical Temple
  3439 | D:4      | Noticed an ogre
  3446 | D:4      | Killed an ogre
  3446 | D:4      | Reached skill level 5 in Fighting
  3446 | D:4      | Reached XP level 6. HP: 43/45 MP: 6/6
  3531 | D:4      | Noticed an ogre
  3943 | D:4      | Noticed Ordine's ghost (amateur OpFi)
  3950 | D:4      | Killed Ordine's ghost
  3950 | D:4      | Reached skill level 5 in Long Blades
  3950 | D:4      | Reached XP level 7. HP: 41/51 MP: 7/7
  4190 | D:4      | Reached skill level 6 in Fighting
  4207 | D:5      | Entered Level 5 of the Dungeon
  4824 | D:5      | Reached XP level 8. HP: 30/58 MP: 8/8
  5032 | D:5      | Reached skill level 7 in Fighting
  5061 | D:5      | Gained mutation: Scrolls take you a little longer to read. [potion of mutation]
  5061 | D:5      | Gained mutation: Your spells are a little easier to cast, but a little less powerful. [potion of mutation]
  5061 | D:5      | Gained mutation: You can spit weak poison. [potion of mutation]
  5062 | D:5      | Gained mutation: Your magical capacity is low (-10% MP). [potion of mutation]
  5830 | D:5      | Found a blossoming altar of Fedhas.
  6410 | D:5      | Reached skill level 8 in Fighting
  7004 | D:6      | Found an ancient bone altar of Kikubaaqudgha.
  7016 | D:6      | Reached XP level 9. HP: 60/67 MP: 8/8
  7081 | D:6      | Found a shattered altar of Ashenzari.
  7635 | D:6      | Found a radiant altar of Vehumet.
  7906 | D:7      | Noticed a manticore
  7967 | D:7      | Reached skill level 9 in Fighting
  8122 | D:7      | Found a shimmering altar of Xom.
  8351 | D:7      | Killed a manticore
  9177 | D:7      | Found an iron altar of Okawaru.
  9192 | D:7      | HP: 3/70 [wyvern zombie (13)]
  9192 | D:7      | Slain by a wyvern zombie

Vault maps used:
D:1:      eino_arrival_druids_welcome
D:2:      wad_pebble_path, led_sif_pool
D:3:      minmay_misc_feat_plants
D:4:      minmay_temple_entry_glassed_door, first_bread
D:5:      nicolae_overflow_crystal_walls, guppyfry_early_orc_mine
D:6:      kennysheep_mini_moat, kennysheep_vampire_church, basic_altar,
          mrwooster_statue_mirror
D:7:      overflow_temple_1_default, xom_confusion_cloud
Temple:   jpeg_temple_clearing_9

Action                   |  1- 3 |  4- 6 |  7- 9 || total
-------------------------+-------+-------+-------++-------
Melee: Long sword        |    55 |    80 |   180 ||   315
       Dagger            |       |    19 |   103 ||   122
Throw: Stone             |       |     3 |    13 ||    16
       Throwing net      |       |     1 |       ||     1
       Tomahawk          |       |       |     5 ||     5
 Abil: Evoke Invisibilit |       |       |     3 ||     3
       Turn Visible      |       |       |     2 ||     2
  Use: Scroll            |     4 |     8 |     5 ||    17
       Potion            |       |     3 |     8 ||    11
 Stab: Sleeping          |     5 |     6 |     3 ||    14
       Invisible         |       |       |     4 ||     4
  Eat: Chunk             |     1 |     9 |    15 ||    25
       Fruit             |       |       |     3 ||     3
